 Dungeon Crawl Stone Soup version 0.18.1-50-g88ac8fd (webtiles) character file.

46 Korbac the Skirmisher (level 3, -3/34 HPs)
             Began as a Hill Orc Chaos Knight on Oct 18, 2016.
             Slain by a gnoll
             ... wielding a +0 halberd
              (7 damage)
             ... on level 2 of the Dungeon.
             The game lasted 00:03:53 (768 turns).

Korbac the Skirmisher (Hill Orc Chaos Knight)        Turns: 768, Time: 00:03:54

Health: -3/34      AC:  6    Str: 15    XL:     3   Next: 66%
Magic:  3/3        EV: 13    Int: 12    God:    Xom [.*....]
Gold:   108        SH:  0    Dex: 12    Spells: 0 memorised, 2 levels left

rFire  . . .     SeeInvis .     a - +0 mace (chaos)
rCold  . . .     Gourm    .     b - +2 leather armour
rNeg   . . .     Faith    .     (no shield)
rPois  .         Spirit   .     f - +0 helmet
rElec  .         Dismiss  .     (no cloak)
rCorr  .         Reflect  .     (no gloves)
SustAt .         Harm     .     (no boots)
MR     .....                    (no amulet)
Stlth  +.........               (no ring)
                                (no ring)

@: not resistant to hostile enchantments, very unstealthy
A: repulsion field 1, agile 1, blurry vision 1
a: Renounce Religion


You were on level 2 of the Dungeon.
You worshipped Xom.
You were a plaything of Xom.
You were hungry.

You visited 1 branch of the dungeon, and saw 2 of its levels.

You collected 108 gold pieces.

Inventory:

Hand Weapons
 a - a +0 mace of chaos (weapon)
 d - a +2 hand axe of electrocution (quivered)
Armour
 b - a +2 leather armour (worn)
 f - a +0 helmet (worn)
Scrolls
 e - a scroll of identify
 h - a scroll of random uselessness {unknown}
 i - 2 scrolls of magic mapping
Potions
 g - 2 potions of ambrosia {unknown}
 k - a potion of invisibility {unknown}
Comestibles
 c - a bread ration
 j - 3 fruits
 l - a meat ration


   Skills:
 * Level 4.3 Fighting
 * Level 4.0 Maces & Flails
 * Level 2.4 Armour
 + Level 1.2 Dodging


You had 2 spell levels left.
You didn't know any spells.

Dungeon Overview and Level Annotations

Branches:
Dungeon (2/15)

Altars:
Pakellas


Innate Abilities, Weirdness & Mutations

You are surrounded by a mild repulsion field (EV +2).
You are agile. (Dex +2)
Scrolls take you a little longer to read.


Message History

The gnoll shouts!
You hear Xom's maniacal laughter.
The gnoll's halberd dances into the air!
You are now a plaything of Xom.
The gnoll hits you with a flail.
Something misses the gnoll.
Something barely misses the gnoll.
Something hits the gnoll!!
The gnoll dies!
Something hits the gnoll! "You need some minor adjustments, mortal!"
Your body is suffused with distortional energy.
You begin to radiate repulsive energy.
You feel agile. The gnoll hits you with a halberd!
You completely miss the gnoll. Your halberd hits the gnoll from afar!!
The gnoll dies!
The gnoll hits you with a club. The gnoll hits you with a halberd!
* * * LOW HITPOINT WARNING * * *
The gnoll hits you from afar with a halberd!
You die...

... ##.## #...# #...#
######. # #.._# .......
...####...##### .....
##...........###.(####.
.........gg.(...........
###.....@.....##.....##.
#####.†.######...#.#
#...# #....... #.†.#
#.#.#.# # #...# #.#.#.#
#########.## #.#.# #
#.......#.# #....
#.#####.#.#####
#)#####.#.....#


You could see 2 gnolls and a friendly halberd.

Vanquished Creatures
  An ooze (D:1)
  3 dart slugs
  A ball python (D:1)
  A giant cockroach (D:1)
  3 goblins (D:1)
  2 hobgoblins (D:1)
  4 jackals (D:2)
  2 kobolds (D:1)
  3 bats
  2 giant newts
  A rat (D:1)
23 creatures vanquished.

Vanquished Creatures (collateral kills)
  2 gnolls (D:2)
2 creatures vanquished.

Grand Total: 25 creatures vanquished

Notes
Turn   | Place    | Note
--------------------------------------------------------------
     0 | D:1      | Korbac the Hill Orc Chaos Knight began the quest for the Orb.
     0 | D:1      | Reached XP level 1. HP: 19/19 MP: 1/1
   117 | D:1      | XOM: potion effect (berserk rage)
   128 | D:1      | XOM: potion effect (haste)
   173 | D:1      | Reached XP level 2. HP: 25/27 MP: 2/2
   186 | D:1      | XOM: mild Trmt miscast
   257 | D:1      | XOM is BORED!
   257 | D:1      | XOM: mild Ice miscast
   369 | D:1      | Reached skill level 1 in Dodging
   407 | D:1      | XOM: give mutation
   407 | D:1      | Gained mutation: Scrolls take you a little longer to read. [Xom's mischief]
   610 | D:1      | Reached XP level 3. HP: 32/33 MP: 3/3
   613 | D:1      | XOM: god gift: 31 gold pieces
   738 | D:2      | Found an oddly glowing altar of Pakellas.
   766 | D:2      | XOM: give mutations
   766 | D:2      | Gained mutation: You are surrounded by a mild repulsion field (EV +2). [Xom's grace]
   766 | D:2      | Gained mutation: You are agile. (Dex +2) [Xom's grace]
   768 | D:2      | Slain by a gnoll

Skill      XL: |  1  2  3 |
---------------+----------+-----
Fighting       | 4 |  4.3
Dodging        | 1 |  1.2
Maces & Flails | 4 |  4.0
Armour         | |  2.4

Action                   || total
-------------------------++-------
Melee: Mace              ||    69
  Use: Scroll            ||     2
 Stab: Confused          ||     1
Armor: Leather armour    ||    27
Dodge: Dodged            ||    37
